 Dungeon Crawl Stone Soup version 0.29.1-12-g30fa7ad0bf (webtiles) character file.

Game seed: 12950625548697983182

5725 safid the Marksminotaur (level 10, -39/88 HPs)
             Began as a Minotaur Hunter on Dec 19, 2022.
             Was a Priest of Okawaru.
             Annihilated by a very large slime creature (53 damage)
             ... on level 9 of the Dungeon.
             The game lasted 00:17:13 (8375 turns).

safid the Marksminotaur (Minotaur Hunter)           Turns: 8375, Time: 00:17:15

Health: -39/88     AC:  5    Str: 17    XL:     10   Next: 48%
Magic:  9/9        EV: 12    Int:  6    God:    Okawaru [***...]
Gold:   487        SH:  0    Dex: 23    Spells: 9/9 levels left

rFire   . . .      SeeInvis .   C - +0 arbalest (flame)
rCold   + . .      Faith    .   (shield currently unavailable)
rNeg    . . .      Spirit   .   c - +0 leather armour
rPois   .          Reflect  .   (helmet restricted)
rElec   .          Harm     .   n - +0 cloak
rCorr   .          Rampage  .   k - +0 pair of gloves
Will    .....                   (no boots)
Stlth   ++........              (no amulet)
HPRegen 0.24/turn               j - ring of protection from cold
MPRegen 0.11/turn               y - +6 ring of dexterity

@: about to teleport
A: horns 2, retaliatory headbutt
a: Renounce Religion, Heroism


You were on level 9 of the Dungeon.
You worshipped Okawaru.
Okawaru was most pleased with you.
You visited 2 branches of the dungeon, and saw 10 of its levels.
You also visited: Sewer.

You collected 487 gold pieces.

Inventory:

Hand Weapons
 C - a +0 arbalest of flaming (weapon)
Missiles
 x - 7 curare-tipped darts
Armour
 c - a +0 leather armour (worn)
 k - a +0 pair of gloves (worn)
 n - a +0 cloak (worn)
Jewellery
 a - a ring of ice
 j - a ring of protection from cold (left hand)
 y - a +6 ring of dexterity (right hand)
 I - a ring of positive energy
Wands
 q - a wand of mindburst (3)
 v - a wand of roots (7)
 z - a wand of flame (9)
Scrolls
 b - 2 scrolls of immolation
 e - 2 scrolls of fog
 h - 3 scrolls of fear
 i - 4 scrolls of teleportation
 l - 2 scrolls of enchant armour
 p - 2 scrolls of brand weapon
 r - 4 scrolls of magic mapping
 A - a scroll of noise
 B - a scroll of vulnerability {unknown}
 D - a scroll of blinking {unknown}
 E - a scroll of enchant weapon {unknown}
 H - a scroll of amnesia {unknown}
 J - a scroll of poison {unknown}
Potions
 d - 2 potions of cancellation {unknown}
 f - 2 potions of degeneration {unknown}
 g - 4 potions of attraction {unknown}
 m - a potion of resistance {unknown}
 o - a potion of mutation {unknown}
 s - 5 potions of haste {unknown}
 t - 3 potions of ambrosia {unknown}
 u - 4 potions of flight {unknown}
 w - 3 potions of curing
 F - a potion of brilliance {unknown}
 G - a potion of lignification {unknown}


   Skills:
 - Level 8.0 Fighting
 + Level 16.0 Ranged Weapons
 - Level 2.1 Dodging
 - Level 0.7 Stealth


You had 9 spell levels left.
You didn't know any spells.
Your spell library contained the following spells:

 Spells                   Type           Power      Damage    Failure   Level
 Scorch                   Fire           0%         2d5       67%         2
 Sublimation of Blood     Necr           0%         N/A       67%         2
 Wereblood                Tmut           0%         N/A       67%         2
 Flame Wave               Conj/Fire      0%         2d4       99%         4
 Fireball                 Conj/Fire      0%         3d3       100%        5
 Iskenderun's Battlesphe  Conj           0%         2d6       100%        5
 Conjure Ball Lightning   Conj/Air       0%         3x3d6     100%        6
 Orb of Destruction       Conj           0%         9d5       100%        7
 Summon Cactus Giant      Summ           Unusable   N/A       N/A         6
 Summon Hydra             Summ           Unusable   N/A       N/A         7

Dungeon Overview and Level Annotations

Branches:
Dungeon (9/15)             Temple (1/1) D:5            Lair (0/5) D:8
  Sewer (visited)
    Orc: D:9-12

Altars:
Ashenzari
Cheibriados
Dithmenos
Elyvilon
Fedhas
Gozag
Hepliaklqana
Kikubaaqudgha
Nemelex Xobeh
Okawaru
Qazlal
Ru
Sif Muna
Trog
Uskayaw
Wu Jian
Xom
Yredelemnul
Zin
The Shining One

Shops:
D:3 (   D:7 :   D:8 *

Annotations:
D:5 1 runed translucent door, Crazy Yiuf


Innate Abilities, Weirdness & Mutations

You have a pair of horns on your head.
You reflexively headbutt those who attack you in melee.


Message History

You kill the orc!
You shoot a bolt. The bolt hits the slime creature!!
The bolt burns the slime creature!
The slime creature is severely wounded.
A slime creature comes into view.
The slime creature barely misses you. You furiously retaliate!
You headbutt the slime creature. You shoot a bolt.
The bolt hits the slime creature!
The bolt burns the slime creature.
The slime creature is almost dead.
Two slime creatures merge to form a large slime creature.
A steam dragon comes into view.
The orc priest looks encouraged for a moment.
You shoot a bolt. The bolt hits the large slime creature!
The bolt burns the large slime creature.
The large slime creature is severely wounded.
Two slime creatures merge to form a very large slime creature.
The orc priest misses you. You furiously retaliate!
You headbutt the orc priest! You shoot a bolt. The bolt hits the orc priest!
The bolt burns the orc priest.
You kill the orc priest!
Okawaru accepts your kill.
The very large slime creature hits you!!
The steam dragon breathes steam at you. The ball of steam hits you!
You are too injured to fight recklessly!
Unknown command.
Unknown command.
You are engulfed in a cloud of scalding steam.
The very large slime creature is engulfed in a cloud of scalding steam.
The very large slime creature hits you!!
* * * LOW HITPOINT WARNING * * *
As you read the scroll of teleportation, it crumbles to dust.
You feel strangely unstable.
You are engulfed in a cloud of scalding steam.
* * * LOW HITPOINT WARNING * * *
The very large slime creature is engulfed in a cloud of scalding steam.
The very large slime creature hits you!!!
Ouch! That really hurt!
You die...

### .. ## #.## #.
## #..# .# #.###
#.###.##....
#..#.##...#
#....#....# .
##........#
#...###@..#....##
#....J§###).).#
##..§)## ##<.##
#§.## #))# .....
#...# .... #.....
... ..##... ...
..# ##..# ..# #.#


You could see a very large slime creature.

Vanquished Creatures
  2 two-headed ogres
  Pikel (D:5)
  2 slime creatures (D:9)
  Sigmund (D:4)
  Eustachio (D:5)
  A water moccasin (D:6)
  A sky beast (D:7)
  3 orc warriors
  2 ice beasts
  3 black bears
  An ogre (D:4)
  A centaur (D:8)
  A kobold brigand (D:8)
  3 bullfrogs
  A necrophage (D:5)
  4 scorpions
  9 wights (D:8)
  3 killer bees (D:8)
  An electric eel (D:6)
  2 howler monkeys
  5 hounds
  3 jellies
  6 orc priests
  An iguana (D:4)
  7 orc wizards
  6 gnolls
  5 river rats (Sewer)
  14 adders
  A shadow imp (D:7)
  3 white imps
  3 ufetubi
  2 worms
  6 dart slugs
  24 orcs
  13 endoplasms
  6 giant cockroaches
  6 goblins
  11 hobgoblins
  9 jackals
  4 quokkas
  17 ball pythons
  4 bats
  9 frilled lizards
  19 kobolds
  33 rats
260 creatures vanquished.

Vanquished Creatures (others)
  3 fungi
  A plant (D:8)
4 creatures vanquished.

Grand Total: 264 creatures vanquished

Notes
Turn   | Place    | Note
-------+----------+-------------------------------------------
     0 | D:1      | safid the Minotaur Hunter began the quest for the Orb.
     0 | D:1      | Reached XP level 1. HP: 18/18 MP: 0/0
    87 | D:1      | Reached XP level 2. HP: 25/25 MP: 1/1
   580 | D:1      | Reached skill level 5 in Ranged Weapons
   580 | D:1      | Reached XP level 3. HP: 30/31 MP: 2/2
  1053 | D:2      | Reached XP level 4. HP: 40/40 MP: 3/3
  1228 | D:2      | Found a faded altar of an unknown god.
  1282 | D:2      | You fall into a shaft and drop 2 floors!
  1414 | D:4      | Noticed an ogre
  1426 | D:4      | Killed an ogre
  1427 | D:4      | Reached skill level 5 in Fighting
  1427 | D:4      | Reached skill level 6 in Ranged Weapons
  1427 | D:4      | Reached XP level 5. HP: 48/48 MP: 4/4
  1918 | D:4      | Reached XP level 6. HP: 55/56 MP: 5/5
  2949 | D:3      | Found Penant's Antique Weapon Emporium.
  2968 | D:3      | Reached skill level 7 in Ranged Weapons
  4079 | D:4      | Noticed Sigmund
  4085 | D:4      | Killed Sigmund
  4086 | D:4      | Reached XP level 7. HP: 46/66 MP: 6/6
  4206 | D:5      | Entered Level 5 of the Dungeon
  4276 | D:5      | Noticed Pikel
  4291 | D:5      | Killed Pikel
  4292 | D:5      | Reached skill level 9 in Ranged Weapons
  4292 | D:5      | Reached XP level 8. HP: 49/74 MP: 7/7
  4461 | D:5      | Noticed Eustachio
  4479 | D:5      | Killed Eustachio
  4480 | D:5      | Reached skill level 10 in Ranged Weapons
  4583 | D:5      | Found a staircase to the Ecumenical Temple.
  4600 | Temple   | Entered the Ecumenical Temple
  4831 | Temple   | Became a worshipper of Warmaster Okawaru
  4962 | D:5      | Found an ancient bone altar of Kikubaaqudgha.
  4962 | D:5      | Found a hide-covered altar of Uskayaw.
  5073 | D:5      | Found a runed translucent door.
  5074 | D:5      | Noticed Crazy Yiuf
  5326 | D:6      | Reached skill level 11 in Ranged Weapons
  5503 | D:6      | Reached * piety under Okawaru
  5510 | D:6      | Found a glowing drain.
  5519 | Sewer    | Entered a sewer
  5871 | Sewer    | Reached XP level 9. HP: 61/81 MP: 8/8
  6227 | D:6      | Reached skill level 12 in Ranged Weapons
  7081 | D:7      | Reached skill level 13 in Ranged Weapons
  7327 | D:7      | Noticed a two-headed ogre
  7331 | D:7      | Killed a two-headed ogre
  7331 | D:7      | Reached ** piety under Okawaru
  7442 | D:7      | Found Duohuqugah's Tremendous Tomes.
  7477 | D:8      | Found Emizxogu's Assorted Antiques.
  7494 | D:8      | Reached skill level 14 in Ranged Weapons
  7662 | D:8      | Reached XP level 10. HP: 63/88 MP: 9/9
  7803 | D:8      | Reached *** piety under Okawaru
  7971 | D:8      | Reached skill level 15 in Ranged Weapons
  8023 | D:8      | Found a staircase to the Lair.
  8096 | D:8      | Noticed a two-headed ogre
  8099 | D:8      | Killed a two-headed ogre
  8364 | D:9      | Reached skill level 16 in Ranged Weapons
  8375 | D:9      | Annihilated by a very large slime creature

Illustrated notes

Levels and vault maps discovered:
D:1:      dpeg_arrival_renting, layout_basic
D:2:      layout_basic, shapermc_ecumenical_altar_mp_vishouse,
          minmay_split_cup_large
D:3:      layout_loops_ring, serial_shops, nicolae_diamond_shop, st_stairs_6,
          minivault_4, minmay_curled_crystal, minmay_crystal_room,
          minmay_shallow_snake_nest
D:4:      layout_basic, uniq_sigmund
D:5:      layout_rooms, gammafunk_temple_overflow_elements,
          minmay_temple_entry_statues_fountains, dreamdust_wishing_well,
          uniq_eustachio, uniq_pikel, uniq_crazy_yiuf_cottage
D:6:      corexii_shack_village, layout_basic, portal_sewer_entry_d,
          grunt_decor_one_mirror, minmay_crystal_water, minmay_misc_feat_x,
          nicolae_figureground_pulse
D:7:      layout_cave_pools, eino_small_chamber_without_monster,
          nicolae_shop_i_like_big_books
D:8:      layout_gridville, grunt_lair_entry_orc_guard_hut, serial_shops,
          kennysheep_mini
D:9:      layout_layer_cave, lemuel_tele_altar, david_orc_5, st_stairs_5,
          corexii_leaking_fountain
Temple:   eino_narrow_crystal_temple

Skill      XL: |  1  2  3  4  5  6  7  8  9 10 |
---------------+-------------------------------+-----
Fighting       | 3 4 5 7 8 |  8.0
Ranged Weapons | 5 6 7 9 11 14 16 | 16.0
Dodging        | |  2.1
Stealth        | |  0.7

Action                   |  1- 3 |  4- 6 |  7- 9 | 10-12 || total
-------------------------+-------+-------+-------+-------++-------
 Fire: Shortbow          |   125 |   223 |   276 |       ||   624
       Arbalest          |       |       |    68 |    68 ||   136
Invok: Heroism           |       |       |     1 |       ||     1
  Use: Scroll            |       |       |     9 |     1 ||    10
Armor: Leather armour    |    17 |    26 |    22 |    10 ||    75
Dodge: Dodged            |    44 |    76 |    77 |    23 ||   220
